 Dungeon Sprint DCSS version 0.21.1-1-g345015f (webtiles) character file.

795 sankara the Basher (level 7, 0/62 HPs)
             Began as a Demonspawn Berserker on Apr 3, 2018.
             Was a Priest of Trog.
             Slain by a hellwing (5 damage)
             ... summoned by a kobold demonologist
             ... in the Dungeon (Sprint I: "Red Sonja").
             The game lasted 00:02:21 (295 turns).

sankara the Basher (Demonspawn Berserker)            Turns: 295, Time: 00:02:21

Health: 0/62       AC:  7    Str: 17      XL:     7   Next: 58%
Magic:  7/7        EV: 13    Int:  9      God:    Trog [***...]
Gold:   270        SH:  0    Dex: 12 (14) Spells: 6/6 levels left

rFire    . . .     SeeInvis .   a - +0 mace
rCold    . . .     Gourm    .   (no shield)
rNeg     . . .     Faith    .   j - +0 scale mail
rPois    .         Spirit   .   (no helmet)
rElec    .         Reflect  .   (no cloak)
rCorr    .         Harm     .   (no gloves)
MR       .....     NoTele   +   (no boots)
Stlth    ..........             (no amulet)
HPRegen  0.20/turn              (no ring)
MPRegen  0.10/turn              (no ring)

@: berserk cooldown, starving, slowed, very slow
A: claws 1, demonic guardian 1, powered by death 1
a: Berserk, Trog's Hand, Burn Spellbooks, Renounce Religion


You were in the Dungeon.
You worshipped Trog.
Trog was most pleased with you.
You were starving.

You visited 1 branch You collected 270 gold pieces.

Inventory:

Hand Weapons
 a - a +0 mace (weapon)
Armour
 j - a +0 scale mail (worn)
   (You took it off Ijyb in the Dungeon)
Scrolls
 i - a scroll of blinking {!r}
Potions
 d - 2 potions of curing
 e - a potion of heal wounds
 f - a potion of haste
 g - 2 potions of magic
 h - a potion of berserk rage {!q}
Comestibles
 c - a ration


   Skills:
 + Level 8.1 Fighting
 * Level 10.1 Maces & Flails
 + Level 7.1 Armour
 + Level 7.1 Dodging


You had 6 spell levels left.
You didn't know any spells.

Dungeon Overview and Level Annotations

Branches:
Dungeon (1/1)

Altars:
Makhleb
Xom
Jiyva
Lugonu


Innate Abilities, Weirdness & Mutations

You have sharp fingernails.
A weak demonic guardian rushes to your aid.
You regenerate a little health from kills.


Message History

You closely miss the kobold demonologist.
The kobold demonologist is heavily wounded.
Your quasit barely misses the hellwing.
Your quasit misses the hellwing.
Your quasit barely misses the hellwing.
The quasit bites you but does no damage.
The quasit barely misses you. The quasit closely misses you.
The kobold demonologist looks satisfied for a moment.
The hellwing hits you but does no damage.
The hellwing misses you.
Your shadow imp hits the kobold demonologist.
You hit the kobold demonologist but do no damage.
The kobold demonologist is heavily wounded.
Your quasit barely misses the hellwing.
Your quasit claws the hellwing but does no damage. x2
The quasit barely misses you. The quasit closely misses you.
The quasit claws you but does no damage.
You closely miss the kobold demonologist.
The kobold demonologist is heavily wounded.
The kobold demonologist hits you with a dagger of pain.
You writhe in agony.
The hellwing hits you but does no damage. x2
Your shadow imp hits the kobold demonologist.
Your quasit barely misses the hellwing.
Your quasit claws the hellwing but does no damage.
Your quasit barely misses the hellwing.
You closely miss the kobold demonologist.
The kobold demonologist is heavily wounded.
The quasit barely misses you. x2; The quasit misses you.
The kobold demonologist hits you with a dagger of pain.
You writhe in agony.
You hit the kobold demonologist.
The kobold demonologist is heavily wounded.
You are no longer berserk.
You are exhausted.
You feel yourself slow down.
Your quasit closely misses the hellwing.
Your quasit barely misses the hellwing. x2
Your shadow imp closely misses the kobold demonologist.
The hellwing barely misses you.
The hellwing hits you but does no damage.
The quasit bites you but does no damage.
The quasit misses you.
The quasit claws you but does no damage.
You hit the kobold demonologist.
The kobold demonologist is severely wounded.
Your quasit closely misses the hellwing.
Your quasit barely misses the hellwing.
Your quasit closely misses the hellwing.
The quasit bites you but does no damage.
The quasit closely misses you.
The quasit claws you but does no damage.
The kobold demonologist hits you with a dagger of pain.
Your shadow imp closely misses the kobold demonologist.
The hellwing misses you. x2
Your quasit bites the hellwing but does no damage.
Your quasit claws the hellwing but does no damage. x2
You hit the kobold demonologist.
The kobold demonologist is severely wounded.
Your quasit disappears in a puff of smoke!
The quasit closely misses you. The quasit completely misses you.
The quasit barely misses you.
The kobold demonologist hits you but does no damage.
You writhe in agony.
Your shadow imp closely misses the kobold demonologist.
The hellwing hits you! The hellwing misses you. The quasit barely misses you.
The quasit claws you but does no damage. x2
The kobold demonologist hits you but does no damage.
You writhe in agony.
You closely miss the kobold demonologist.
The kobold demonologist is severely wounded.
The quasit completely misses you. The quasit closely misses you.
The quasit claws you.
You feel clumsy.
Your shadow imp hits the kobold demonologist but does no damage.
The hellwing hits you but does no damage.
The hellwing closely misses you.
The kobold demonologist closely misses you.
The quasit completely misses you.
The quasit claws you but does no damage. x2
The hellwing hits you! The hellwing closely misses you.
Your shadow imp closely misses the kobold demonologist.
You barely miss the kobold demonologist.
The kobold demonologist is severely wounded.
The quasit bites you.
You feel clumsy.
The quasit claws you but does no damage. x2
The kobold demonologist gestures wildly while chanting.
Your shadow imp closely misses the kobold demonologist.
The hellwing hits you!
* * * LOW HITPOINT WARNING * * *
The hellwing hits you!
* * * LOW HITPOINT WARNING * * *
The quasit bites you but does no damage.
The quasit closely misses you. The quasit misses you.
The hellwing barely misses you. The hellwing hits you.
* * * LOW HITPOINT WARNING * * *
The kobold demonologist casts a spell.
The hellwing hits you but does no damage.
The hellwing hits you.
You die...

######################
..)..#..'..#__#54K54.#
..#..').#..'..'.@#...#
####'#####+#__####55.+
#..# #### #### ####


You could see an orange demon, a hellwing, a kobold demonologist and 2 quasits.

Vanquished Creatures
  A kobold demonologist (D)
  A slime creature (D)
  Sigmund (D)
  A floating eye (D)
  An ogre (D)
  Ijyb (D)
6 creatures vanquished.

Notes
Turn   | Place    | Note
-------+----------+-------------------------------------------
     0 | D        | sankara the Demonspawn Berserker began the quest for the Orb.
     0 | D        | Reached XP level 1. HP: 18/18 MP: 1/1
     1 | D        | Noticed Ijyb
     9 | D        | Killed Ijyb
     9 | D        | Reached skill level 4 in Maces & Flails
     9 | D        | Reached skill level 2 in Armour
     9 | D        | Reached skill level 2 in Dodging
     9 | D        | Gained mutation: You regenerate a little health from kills. [demonic ancestry]
     9 | D        | Reached XP level 2. HP: 25/25 MP: 2/2
    40 | D        | Noticed an ogre
    47 | D        | Killed an ogre
    47 | D        | Reached skill level 5 in Fighting
    47 | D        | Reached skill level 5 in Maces & Flails
    47 | D        | Reached skill level 4 in Armour
    47 | D        | Reached skill level 4 in Dodging
    47 | D        | Gained mutation: You have sharp fingernails. [demonic ancestry]
    47 | D        | Reached XP level 3. HP: 33/33 MP: 3/3
    47 | D        | Reached XP level 4. HP: 39/39 MP: 4/4
   103 | D        | Noticed Sigmund
   108 | D        | Killed Sigmund
   108 | D        | Reached ** piety under Trog
   108 | D        | Reached skill level 6 in Fighting
   108 | D        | Reached skill level 7 in Maces & Flails
   108 | D        | Reached skill level 5 in Armour
   108 | D        | Reached skill level 5 in Dodging
   108 | D        | Reached XP level 5. HP: 46/46 MP: 5/5
   108 | D        | Reached XP level 6. HP: 52/52 MP: 6/6
   176 | D        | Found a burning altar of Makhleb.
   176 | D        | Found a viscous altar of Jiyva.
   176 | D        | Found a shimmering altar of Xom.
   176 | D        | Found a corrupted altar of Lugonu.
   176 | D        | Noticed a slime creature
   181 | D        | Killed a slime creature
   181 | D        | Reached skill level 7 in Fighting
   181 | D        | Reached skill level 8 in Maces & Flails
   181 | D        | Reached skill level 6 in Armour
   181 | D        | Reached skill level 6 in Dodging
   272 | D        | Noticed a kobold demonologist
   272 | D        | Noticed a floating eye
   273 | D        | Noticed a kobold demonologist
   275 | D        | Killed a floating eye
   275 | D        | Reached skill level 9 in Maces & Flails
   275 | D        | Gained mutation: A weak demonic guardian rushes to your aid. [demonic ancestry]
   275 | D        | Reached XP level 7. HP: 60/60 MP: 7/7
   276 | D        | Noticed a rust devil
   278 | D        | Noticed a hellwing
   285 | D        | Killed a kobold demonologist
   285 | D        | Reached *** piety under Trog
   285 | D        | Reached skill level 8 in Fighting
   285 | D        | Reached skill level 10 in Maces & Flails
   285 | D        | Reached skill level 7 in Armour
   285 | D        | Reached skill level 7 in Dodging
   294 | D        | HP: 8/62 [hellwing[a kobold demonologist] (8)]
   295 | D        | Noticed an orange demon
   295 | D        | Slain by a hellwing

Skill      XL: |  1  2  3  4  5  6  7 |
---------------+----------------------+-----
Maces & Flails | 4 5 7 9 10 | 10.1
Armour         | 2 4 5 6 7 |  7.1
Dodging        | 2 4 5 6 7 |  7.1
Fighting       | 5 6 7 8 |  8.1

Action                   |  1- 3 |  4- 6 |  7- 9 || total
-------------------------+-------+-------+-------++-------
Melee: Mace              |    13 |     9 |    18 ||    40
Invok: Berserk           |     2 |     3 |       ||     5
Armor: Animal skin       |     1 |       |       ||     1
       Scale mail        |       |       |    28 ||    28
Dodge: Dodged            |     5 |       |    33 ||    38

Vault maps used:
D:        dungeon_sprint_1

Table legend:
 A = Turns spent in this place as a percentage of turns spent in the entire game.
 B = Non-inter-level travel turns spent in this place as a percentage of non-inter-level travel turns spent in the entire game.
 C = Inter-level travel turns spent in this place as a percentage of turns spent in this place.
 D = Turns resting spent in this place as a percentage of non-inter-level travel turns spent in this place.
 E = Turns spent auto-exploring this place as a percentage of non-inter-level travel turns spent in this place.
 F = Non-inter-level travel turns spent in this place divided by the number of levels of this place that you've seen.
                   A       B       C       D       E      F
               +-------+-------+-------+-------+-------+----------------------
         Total | 100.0 | 100.0 |   0.0 |  60.7 |   0.0 | 295.0
       Dungeon | 100.0 | 100.0 |   0.0 |  60.7 |   0.0 | 295.0
               +-------+-------+-------+-------+-------+----------------------

Table legend:
 A = Kills in this place as a percentage of kills in entire the game.
 B = Kills by you in this place as a percentage of kills by you in the entire game.
 C = Kills by friends in this place as a percentage of kills by friends in the entire game.
 D = Other kills in this place as a percentage of other kills in the entire game.
 E = Experience gained in this place as a percentage of experience gained in the entire game.
 F = Experience gained in this place divided by the number of levels of this place that you have seen.
                   A       B       C       D       E      F
               +-------+-------+-------+-------+-------+----------------------
         Total | 100.0 | 100.0 |   N/A |   N/A | 100.0 | 1137.0
       Dungeon | 100.0 | 100.0 |   N/A |   N/A | 100.0 | 1137.0
               +-------+-------+-------+-------+-------+----------------------
